 Dungeon Crawl Stone Soup version 0.31-a0-345-g1ebeae05c6 (webtiles) character file.

Game seed: 9228000819786264846

2930 derpindaisy the Cutter (level 9, 0/47 HPs)
             Began as a Vine Stalker Enchanter on July 22, 2023.
             Was an Initiate of Qazlal.
             Slain by a killer bee (3 damage)
             ... on level 9 of the Dungeon.
             The game lasted 00:38:48 (7862 turns).

derpindaisy the Cutter (Vine Stalker Enchanter)     Turns: 7862, Time: 00:38:49

Health: 0/47       AC:  4    Str: 15    XL:     9   Next: 79%
Magic:  0/13       EV: 13    Int: 20    God:    Qazlal [......]
Gold:   557        SH:  0    Dex: 15    Spells: 1/12 levels left

rFire   . . .        b - +2 dagger (drain)
rCold   . . .        (no shield)
rNeg    . . .        n - +0 leather armour "Cerosk" {+Blink Will- Int+5}
rPois   .            (no helmet)
rElec   .            j - +0 cloak
rCorr   +            (no gloves)
SInv    .            (no boots)
Will    .....        t - amulet of the acrobat
Stlth   +++          i - ring of resist corrosion
HPRegen 1.07/turn    (no ring)
MPRegen 0.13/turn

%: acrobat, guardian spirit
@: lethally poisoned (0 -> -1), confusing by touch
A: fangs 3, regeneration 1, magic shield, antimagic bite, no potion heal 2,
subdued magic 1
a: Renounce Religion, Evoke Blink


You were on level 9 of the Dungeon.
You worshipped Qazlal.
Qazlal was noncommittal.
You visited 2 branches of the dungeon, and saw 10 of its levels.

You collected 557 gold pieces.

Inventory:

Hand Weapons
 b - a +2 dagger of draining (weapon)
 f - a +0 short sword of venom
 l - a +2 short sword of electrocution
 r - a +1 dagger of freezing
Armour
 j - a +0 cloak (worn)
 n - the +0 leather armour "Cerosk" (worn) {+Blink Will- Int+5}
   (You found it on level 6 of the Dungeon)

   Int:       It affects your intelligence (+5).
   +Blink:    It lets you blink.
   Will:      It decreases your willpower.
 D - the +0 chain mail "Listra" {rPois}
   (You found it on level 9 of the Dungeon)

   rPois:     It protects you from poison.
Jewellery
 i - a ring of resist corrosion (left hand)
 t - an amulet of the acrobat (around neck)
Wands
 u - a wand of paralysis (9)
 y - a wand of mindburst (1)
 z - a wand of digging (4)
Scrolls
 a - 2 scrolls of poison
 d - a scroll of silence
 h - 2 scrolls of revelation
 k - 4 scrolls of teleportation
 q - a scroll of fog
 w - 2 scrolls of vulnerability
 x - a scroll of brand weapon {unknown}
 A - a scroll of butterflies
 C - a scroll of enchant weapon {unknown}
Potions
 c - 2 potions of invisibility
 e - a potion of magic
 g - a potion of curing
 m - 2 potions of ambrosia
 o - 2 potions of cancellation
 p - a potion of lignification
 s - 2 potions of resistance
 v - a potion of enlightenment
 B - 2 potions of haste {unknown}


   Skills:
 - Level 5.0 Fighting
 + Level 7.0 Short Blades
 - Level 5.0 Armour
 - Level 5.0 Dodging
 - Level 5.0 Stealth
 - Level 2.1 Spellcasting
 + Level 1.1 Conjurations
 * Level 3.6 Hexes


You had one spell level left.
You knew the following spells:

 Your Spells              Type           Power      Damage    Failure   Level
a - Ensorcelled Hibernat  Hex/Ice        14%        N/A       11%         2
b - Tukima's Dance        Hex            12%        N/A       11%         3
c - Confusing Touch       Hex            12%        N/A       11%         3
d - Dazzling Flash        Conj/Hex       16%        N/A       19%         3

Your spell library contained the following spells:

 Spells                   Type           Power      Damage    Failure   Level
 Magic Dart               Conj           20%        1d4       10%         1
 Kiss of Death            Conj/Necr      12%        2d6       12%         1
 Necrotise                Necr           4%         1d4       16%         1
 Call Imp                 Summ           2%         N/A       24%         2
 Passwall                 Tmut/Erth      0%         N/A       24%         2
 Mephitic Cloud           Conj/Pois/Air  2%         N/A       38%         3
 Swiftness                Air            1%         N/A       45%         3
 Vampiric Draining        Necr           1%         2d6       45%         3
 Volatile Blastmotes      Fire/Tloc      2%         2d10      45%         3
 Dispel Undead            Necr           1%         3d6       86%         4
 Agony                    Necr           1%         N/A       99%         5
 Starburst                Conj/Fire      1%         6d3       100%        6
 Maxwell's Capacitive Co  Air            0%         ∞         100%        8


Dungeon Overview and Level Annotations

Branches:
Dungeon (9/15)             Temple (1/1) D:7
   Lair: D:8-11         Orc: D:9-12

Altars:
Ashenzari
Elyvilon
Fedhas
Gozag
Hepliaklqana
Kikubaaqudgha
Makhleb
Nemelex Xobeh
Qazlal
Sif Muna
Uskayaw
Wu Jian
Zin

Shops:
D:3 :   D:6 !!


Innate Abilities, Weirdness & Mutations

You have razor-sharp teeth.
Your natural rate of healing is unusually fast.
When hurt, damage is shared between your health and your magic reserves.
Your bite disrupts and absorbs the magic of your enemies.
Potions cannot restore your health.
Your spells are a little easier to cast, but a little less powerful.


Message History

The killer bee stings you but does no damage.
You hit the killer bee. You bite the killer bee.
You kill the killer bee!
Qazlal accepts your kill.
You feel sick. The killer bee barely misses you.
Your Conjurations skill increases to level 1!
You miss the killer bee.
The killer bee is moderately wounded.
You feel sick. The killer bee stings you.
You are more poisoned.
The killer bee poisons you! The killer bee barely misses you.
You hit the killer bee. Your bite misses the killer bee.
The killer bee is moderately wounded.
You feel sick. The killer bee stings you.
* * * LOW HITPOINT WARNING * * *
Casting: Ensorcelled Hibernation (safe; 11% risk of failure)
Confirm with . or Enter, or press ? or * to list all spells.
Your hands begin to glow red.
You feel very sick. The killer bee barely misses you.
The killer bee stings you.
* * * LOW HITPOINT WARNING * * *
You hit the killer bee but do no damage.
The killer bee is moderately wounded.
You feel sick. The killer bee stings you.
* * * LOW HITPOINT WARNING * * *
You barely miss the killer bee. Your bite misses the killer bee.
The killer bee is moderately wounded.
You feel sick. The killer bee stings you.
* * * LOW HITPOINT WARNING * * *
The killer bee stings you but does no damage.
Okay, then.
Hit: b) +2 dagger (drain)
Press: ? - help, Dir - move target, f - killer bee
Aim: a killer bee (moderately wounded, heavily drained, chance to confuse on hit: 58%, about 52% to evade your +2 dagger of draining)
Okay, then.
Unknown command.
Okay, then.
Okay, then.
You fail to use your ability.
You feel sick. The killer bee stings you.
You die...

#.# ##.# # ##..# #.
##..>#######
###.#######..#<.<....!
................#.###
#.†#..#..#..#.#
#.y#..#..#(.#
#y.#@.#..#.....#
#..#..#..#..#.###
...#..#..#..#..#
###............##
##############


You could see a killer bee (very drained).

Vanquished Creatures
  A troll (D:6)
  A wyvern (D:8)
  Eustachio (D:4)
  4 water moccasins
  2 black bears (D:5)
  An orc warrior (D:7)
  2 ice beasts
  A phantom (D:4)
  A kobold brigand (D:7)
  3 bullfrogs
  3 wights (D:7)
  9 killer bees
  4 howler monkeys (D:7)
  2 gnoll boudas (D:6)
  An orc priest (D:5)
  2 iguanas (D:6)
  A sleepcap (D:8)
  An orc wizard (D:7)
  12 gnolls
  7 adders
  An ufetubus (D:5)
  2 worms (D:4)
  3 dart slugs
  22 orcs
  7 endoplasms
  5 giant cockroaches
  7 goblins
  5 hobgoblins (D:1)
  7 jackals
  10 kobolds
  3 quokkas
  7 ball pythons
  3 bats
  3 frilled lizards
  8 rats
152 creatures vanquished.

Notes
Turn   | Place    | Note
-------+----------+-------------------------------------------
     0 | D:1      | derpindaisy the Vine Stalker Enchanter began the quest for
                  | the Orb.
     0 | D:1      | Reached XP level 1. HP: 9/9 MP: 4/4
   148 | D:1      | Reached skill level 1 in Short Blades
   165 | D:1      | Reached XP level 2. HP: 6/14 MP: 4/6
   166 | D:1      | Reached skill level 1 in Fighting
   340 | D:1      | Learned a level 2 spell: Ensorcelled Hibernation
   429 | D:1      | Reached XP level 3. HP: 18/18 MP: 7/7
  1198 | D:2      | Gained mutation: Your natural rate of healing is unusually
                  | fast. [Vine Stalker growth]
  1198 | D:2      | Reached XP level 4. HP: 22/22 MP: 8/8
  1231 | D:2      | Reached skill level 2 in Short Blades
  1571 | D:3      | Found a stormy altar of Qazlal.
  1796 | D:3      | Found Guosomeol's Vocational Training.
  1964 | D:3      | Found a blossoming altar of Fedhas.
  1966 | D:3      | Found an ancient bone altar of Kikubaaqudgha.
  2442 | D:4      | Noticed a phantom
  2465 | D:4      | Killed a phantom
  2466 | D:4      | Reached XP level 5. HP: 21/26 MP: 6/9
  2589 | D:4      | Noticed Eustachio
  2592 | D:4      | Found a sand-covered staircase.
  2840 | D:4      | Reached skill level 5 in Stealth
  2887 | D:4      | Killed Eustachio
  2888 | D:4      | Reached skill level 3 in Short Blades
  2888 | D:4      | Reached XP level 6. HP: 32/32 MP: 10/10
  3483 | D:5      | Entered Level 5 of the Dungeon
  3846 | D:5      | Noticed an ice beast
  3864 | D:5      | Killed an ice beast
  3865 | D:5      | Reached XP level 7. HP: 31/36 MP: 8/11
  4579 | D:6      | Identified the +0 leather armour "Cerosk" {+Blink Will-
                  | Int+5}
  4828 | D:6      | Reached skill level 4 in Short Blades
  4828 | D:6      | Gained mutation: You have razor-sharp teeth. [Vine Stalker
                  | growth]
  4828 | D:6      | Reached XP level 8. HP: 28/42 MP: 6/12
  5014 | D:6      | Found Nunidgh's Distillery.
  5016 | D:6      | Noticed a troll
  5053 | D:6      | Killed a troll
  5054 | D:6      | Reached skill level 5 in Fighting
  5054 | D:6      | Reached skill level 5 in Dodging
  5187 | D:6      | Reached skill level 5 in Short Blades
  5187 | D:6      | Reached skill level 1 in Armour
  5319 | D:6      | Found Vasu's Distillery.
  5554 | D:7      | Gained mutation: Your spells are a little easier to cast,
                  | but a little less powerful. [potion of mutation]
  5649 | D:7      | Reached XP level 9. HP: 41/42 MP: 13/13
  6190 | D:7      | Found a staircase to the Ecumenical Temple.
  6199 | D:7      | Reached skill level 6 in Short Blades
  6208 | Temple   | Entered the Ecumenical Temple
  6623 | D:3      | Became a worshipper of Qazlal Stormbringer
  7259 | D:8      | Reached skill level 5 in Armour
  7691 | D:8      | Learned a level 3 spell: Tukima's Dance
  7695 | D:8      | Learned a level 3 spell: Confusing Touch
  7699 | D:8      | Learned a level 3 spell: Dazzling Flash
  7822 | D:9      | Identified the +0 chain mail "Listra" {rPois}
  7837 | D:9      | Reached skill level 7 in Short Blades
  7857 | D:9      | Reached skill level 1 in Conjurations
  7862 | D:9      | Slain by a killer bee

Illustrated notes

Levels and vault maps discovered:
D:1:      dpeg_arrival_court, layout_basic, minmay_cupped
D:2:      layout_basic
D:3:      layout_loops_ring, grunt_temple_overflow_growth_and_decay,
          nicolae_qazlal_general_emergency, nicolae_shop_vocational
D:4:      layout_loops_corners, nicolae_ossuary_entry_monument,
          gup_sewer_entry_bubbles, uniq_eustachio
D:5:      layout_loops_ring, st_stairs_13
D:6:      layout_loops_ring, serial_shops, shop, nicolae_shop_industrial_runoff
D:7:      layout_loops_ring, minmay_temple_entry_offerings, roderic_lattice_a,
          kennysheep_flooded_box
D:8:      layout_rooms
D:9:      layout_loops_ring, erik_lair_island, serial_shops, shop_statue,
          nicolae_shop_rolling_square, nicolae_diamond_shop,
          nicolae_shop_just_a_little_nook, shop, minmay_misc_feat_diagonals,
          uniq_maggie, uniq_maurice
Temple:   nicolae_temple_ecumenical_triangle

Skill      XL: |  1  2  3  4  5  6  7  8  9 |
---------------+----------------------------+-----
Short Blades   | 1 2 3 4 5 7 |  7.0
Fighting       | 1 2 3 4 5 |  5.0
Dodging        | 2 3 4 5 |  5.0
Stealth        | 4 5 |  5.0
Armour         | 3 5 |  5.0
Conjurations   | 1 |  1.1
Spellcasting   | |  2.1
Hexes          | |  3.6

Action                     |  1- 3 |  4- 6 |  7- 9 || total
---------------------------+-------+-------+-------++-------
  Melee: Dagger            |    20 |    76 |   172 ||   268
         Bite              |    23 |    42 |   102 ||   167
         Short sword       |    72 |   111 |   146 ||   329
         Punch             |     1 |     2 |     4 ||     7
   Cast: Confusing Touch   |       |       |     1 ||     1
Ability: Evoke Blink       |       |       |    21 ||    21
    Use: Scroll            |     3 |     8 |     6 ||    17
         Potion            |       |     4 |     3 ||     7
   Stab: Sleeping          |     4 |    11 |     5 ||    20
         Invisible         |       |     1 |       ||     1
         Distracted        |       |       |     2 ||     2
 Armour: Robe              |    23 |    39 |     5 ||    67
         Skin              |       |    46 |       ||    46
         Leather armour    |       |       |    42 ||    42
  Dodge: Dodged            |    63 |   113 |   197 ||   373

Table legend: (Time is in decaauts)
 A = Elapsed time spent in this place.
 B = Non-inter-level travel time spent in this place.
 C = Inter-level travel time spent in this place.
 D = Time resting spent in this place.
 E = Time spent auto-exploring this place.
 F = Levels seen in this place.
 G = Mean time per level.
                   A        B        C        D        E       F      G
               +--------+--------+--------+--------+--------+-----+--------+
         Total |   7819 |   7011 |    808 |    757 |   4539 |  10 |  781.9 |
       Dungeon |   7817 |   7010 |    807 |    757 |   4539 |   9 |  868.6 |
        Temple |      1 |      0 |      1 |      0 |      0 |   1 |    1.0 |
               +--------+--------+--------+--------+--------+-----+--------+

Top non-repeatable levels by time:
     D:4: 1562 daAuts
     D:7: 1178 daAuts
     D:3: 1067 daAuts
     D:6: 978 daAuts
     D:1: 954 daAuts
     D:5: 791 daAuts
     D:8: 651 daAuts
     D:2: 598 daAuts
     D:9: 34 daAuts
  Temple: 1 daAuts
